2788 views
Uploaded 2020-02-24 19:26:29
Game version 1.32.2
45:52 long 3on3 ladder game on (6)UpperKingdom
Saved by BEARAND
2788 views
Uploaded 2020-02-24 19:26:29
Game version 1.32.2
45:52 long 3on3 ladder game on (6)UpperKingdom


113 units @ 12.1k
/ 1.5k
355 buildings @ 23.6k
/ 11k



| Orb of Venom | 1 | 325 |
| Staff of Preservation | 2 | 300 |
| Staff of Sanctuary | 2 | 500 |
| Scroll of Regeneration | 1 | 100 |
| total: | 6 | 1225g |
| Wisp | 36 | 2160 | / | 0 |
| Glaive Thrower | 8 | 1680 | / | 520 |
| total: | 44 | 3840g | / | 520w |
| Altar of Elders | 1 | 180 | / | 50 |
| Moon Well | 37 | 6660 | / | 1480 |
| Hunter's Hall | 1 | 210 | / | 100 |
| Ancient of Wonders | 4 | 360 | / | 120 |
| Tree of Life | 2 | 680 | / | 370 |
| Ancient of War | 5 | 750 | / | 300 |
| Ancient of Wind | 1 | 150 | / | 140 |
| Tree of Ages | 1 | 320 | / | 180 |
| Tree of Eternity | 1 | 330 | / | 200 |
| total: | 51 | 8990g | / | 2560w |
| 0:03 | Wisp |
| 0:03 | Wisp |
| 0:03 | Altar of Elders |
| 0:04 | Moon Well |
| 0:26 | Wisp |
| 0:34 | Moon Well |
| 0:41 | Moon Well |
| 0:44 | Wisp |
| 0:47 | Wisp |
| 0:58 | Wisp |
| 1:08 | Wisp |
| 1:09 | Wisp |
| 1:21 | Wisp |
| 1:21 | Wisp |
| 1:46 | Wisp |
| 1:46 | Wisp |
| 2:01 | Wisp |
| 2:01 | Wisp |
| 2:04 | Entangling Roots |
| 3:08 | Wisp |
| 3:08 | Wisp |
| 3:49 | Wisp |
| 3:49 | Wisp |
| 3:49 | Wisp |
| 3:50 | Wisp |
| 4:23 | Wisp |
| 4:24 | Wisp |
| 4:45 | Tree of Ages |
| 5:04 | Moon Well |
| 5:45 | Thorns Aura |
| 5:54 | Hunter's Hall |
| 6:00 | Moon Well |
| 6:01 | Moon Well |
| 6:12 | Moon Well |
| 6:14 | Moon Well |
| 7:23 | Tree of Eternity |
| 7:43 | Ultravision |
| 7:45 | Moon Well |
| 7:46 | Moon Well |
| 7:53 | Ancient of Wonders |
| 7:57 | Ancient of Wonders |
| 8:05 | Ancient of Wonders |
| 8:08 | Ancient of Wonders |
| 8:23 | Trueshot Aura |
| 9:22 | Moon Well |
| 9:23 | Moon Well |
| 9:52 | Frost Arrows |
| 10:20 | Orb of Venom |
| 10:21 | Staff of Sanctuary |
| 10:49 | Staff of Sanctuary |
| 10:59 | Well Spring |
| 11:17 | Moon Well |
| 11:45 | Entangling Roots |
| 12:20 | Searing Arrows |
| 12:35 | Wisp |
| 12:35 | Wisp |
| 12:35 | Wisp |
| 12:36 | Wisp |
| 12:37 | Strength of the Wild |
| 12:37 | Reinforced Hides |
| 12:45 | Tree of Life |
| 13:41 | Ancient of Wind |
| 14:30 | Mana Shield |
| 14:32 | Nature's Blessing |
| 15:52 | Moon Well |
| 16:02 | Scroll of Regeneration |
| 16:56 | Moon Well |
| 16:57 | Moon Well |
| 17:10 | Improved Strength of the Wild |
| 17:23 | Wisp |
| 17:23 | Wisp |
| 17:24 | Wisp |
| 17:24 | Wisp |
| 17:24 | Wisp |
| 18:13 | Tree of Life |
| 18:32 | Trueshot Aura |
| 18:41 | Staff of Preservation |
| 18:49 | Moon Well |
| 18:50 | Moon Well |
| 19:30 | Thorns Aura |
| 19:53 | Frost Arrows |
| 21:20 | Wisp |
| 21:21 | Wisp |
| 21:21 | Wisp |
| 21:21 | Wisp |
| 21:22 | Wisp |
| 21:26 | Staff of Preservation |
| 21:30 | Moon Well |
| 21:31 | Moon Well |
| 23:21 | Advanced Strength of the Wild |
| 23:22 | Improved Reinforced Hides |
| 23:35 | Moon Well |
| 23:36 | Moon Well |
| 25:20 | Moon Well |
| 25:21 | Moon Well |
| 25:21 | Moon Well |
| 25:22 | Moon Well |
| 25:24 | Moon Well |
| 27:14 | Moon Well |
| 27:15 | Moon Well |
| 27:53 | Searing Arrows |
| 28:48 | Mana Shield |
| 29:01 | Moon Well |
| 29:03 | Moon Well |
| 29:45 | Advanced Reinforced Hides |
| 29:47 | Druid of the Talon Adept Training |
| 32:15 | Entangling Roots |
| 32:28 | Moon Well |
| 32:28 | Moon Well |
| 33:33 | Moon Well |
| 33:34 | Moon Well |
| 33:36 | Moon Well |
| 33:37 | Moon Well |
| 35:35 | Frost Arrows |
| 36:09 | Trueshot Aura |
| 39:14 | Tranquility |
| 41:19 | Ancient of War |
| 41:20 | Ancient of War |
| 41:20 | Ancient of War |
| 41:21 | Ancient of War |
| 41:22 | Strength of the Moon |
| 41:24 | Ancient of War |
| 42:25 | Vorpal Blades |
| 42:28 | Glaive Thrower |
| 42:29 | Glaive Thrower |
| 42:29 | Glaive Thrower |
| 42:30 | Glaive Thrower |
| 42:30 | Glaive Thrower |
| 42:30 | Glaive Thrower |
| 42:30 | Glaive Thrower |
| 42:30 | Glaive Thrower |
| 42:51 | Improved Strength of the Moon |
| 44:09 | Advanced Strength of the Moon |
| Right click | 2382 |
| Select group | 817 |
| Chat | 389 |
| Select | 367 |
| Resource trade | 271 |
| Use ability | 215 |
| Build/train/purchase | 140 |
| Minimap ping | 78 |
| Misc. action | 70 |
| Assign group | 13 |
| Item give/drop | 4 |
| Esc | 2 |



| Scroll of Regeneration | 1 | 100 |
| Potion of Healing | 2 | 300 |
| Staff of Sanctuary | 4 | 1000 |
| Potion of Mana | 3 | 600 |
| Orb of Venom | 3 | 975 |
| Staff of Preservation | 3 | 450 |
| total: | 16 | 3425g |
| Peasant | 18 | 1350 | / | 0 |
| Priest | 4 | 540 | / | 40 |
| Dragonhawk Rider | 7 | 1400 | / | 210 |
| Siege Engine | 8 | 1560 | / | 480 |
| total: | 37 | 4850g | / | 730w |
| Scout Tower | 143 | 4290 | / | 2860 |
| Arcane Tower | 10 | 700 | / | 500 |
| Guard Tower | 100 | 7000 | / | 5000 |
| Altar of Kings | 1 | 180 | / | 50 |
| Farm | 16 | 1280 | / | 320 |
| Lumber Mill | 1 | 120 | / | 0 |
| Arcane Vault | 2 | 260 | / | 60 |
| Town Hall | 3 | 1155 | / | 615 |
| Blacksmith | 1 | 140 | / | 60 |
| Barracks | 1 | 160 | / | 60 |
| Arcane Sanctum | 1 | 150 | / | 140 |
| Gryphon Aviary | 1 | 140 | / | 150 |
| Workshop | 6 | 840 | / | 840 |
| Keep | 1 | 320 | / | 210 |
| Castle | 1 | 360 | / | 210 |
| total: | 176 | 8715g | / | 5155w |
| 0:01 | Peasant |
| 0:01 | Peasant |
| 0:06 | Altar of Kings |
| 0:10 | Peasant |
| 0:17 | Farm |
| 0:20 | Peasant |
| 0:24 | Farm |
| 0:43 | Peasant |
| 0:48 | Lumber Mill |
| 0:53 | Peasant |
| 1:07 | Peasant |
| 1:14 | Peasant |
| 1:20 | Peasant |
| 1:25 | Scout Tower |
| 1:33 | Scout Tower |
| 1:33 | Scout Tower |
| 1:36 | Peasant |
| 1:36 | Peasant |
| 1:43 | Scout Tower |
| 1:58 | Arcane Tower |
| 2:02 | Peasant |
| 2:03 | Peasant |
| 2:05 | Arcane Tower |
| 2:06 | Blizzard |
| 2:18 | Guard Tower |
| 2:26 | Scout Tower |
| 2:28 | Peasant |
| 2:36 | Guard Tower |
| 2:37 | Scout Tower |
| 2:38 | Scout Tower |
| 2:41 | Scout Tower |
| 2:41 | Peasant |
| 2:59 | Guard Tower |
| 2:59 | Scout Tower |
| 3:00 | Scout Tower |
| 3:17 | Guard Tower |
| 3:18 | Guard Tower |
| 3:20 | Scout Tower |
| 3:20 | Scout Tower |
| 3:36 | Keep |
| 3:47 | Guard Tower |
| 3:49 | Scout Tower |
| 3:49 | Guard Tower |
| 3:51 | Scout Tower |
| 4:15 | Guard Tower |
| 4:16 | Guard Tower |
| 4:17 | Guard Tower |
| 4:23 | Scout Tower |
| 4:31 | Scout Tower |
| 4:32 | Scout Tower |
| 4:53 | Guard Tower |
| 4:55 | Scout Tower |
| 4:59 | Farm |
| 5:00 | Farm |
| 5:30 | Arcane Tower |
| 5:30 | Guard Tower |
| 5:47 | Guard Tower |
| 5:49 | Scout Tower |
| 5:50 | Scout Tower |
| 5:50 | Scout Tower |
| 5:52 | Scout Tower |
| 5:55 | Guard Tower |
| 5:55 | Guard Tower |
| 5:57 | Scout Tower |
| 5:58 | Scout Tower |
| 5:59 | Scout Tower |
| 6:00 | Scout Tower |
| 6:02 | Scout Tower |
| 6:18 | Scout Tower |
| 6:20 | Scout Tower |
| 6:30 | Improved Masonry |
| 6:42 | Guard Tower |
| 6:43 | Scout Tower |
| 6:43 | Scout Tower |
| 7:04 | Brilliance Aura |
| 7:11 | Guard Tower |
| 7:14 | Storm Bolt |
| 7:15 | Guard Tower |
| 7:20 | Arcane Sanctum |
| 7:49 | Guard Tower |
| 7:54 | Arcane Vault |
| 7:55 | Arcane Vault |
| 8:17 | Castle |
| 8:30 | Guard Tower |
| 8:32 | Guard Tower |
| 9:26 | Scroll of Regeneration |
| 9:27 | Potion of Healing |
| 9:35 | Scout Tower |
| 9:43 | Scout Tower |
| 9:44 | Scout Tower |
| 9:45 | Scout Tower |
| 9:50 | Magic Sentry |
| 9:51 | Priest |
| 9:52 | Priest Adept Training |
| 9:54 | Gryphon Aviary |
| 10:15 | Guard Tower |
| 10:16 | Scout Tower |
| 10:17 | Scout Tower |
| 10:18 | Scout Tower |
| 10:18 | Scout Tower |
| 10:19 | Scout Tower |
| 10:19 | Scout Tower |
| 11:32 | Arcane Tower |
| 11:33 | Guard Tower |
| 11:33 | Guard Tower |
| 11:56 | Holy Light |
| 11:58 | Staff of Sanctuary |
| 12:14 | Bash |
| 12:19 | Staff of Sanctuary |
| 12:31 | Guard Tower |
| 13:12 | Priest Master Training |
| 13:12 | Priest |
| 13:13 | Priest |
| 13:13 | Priest |
| 13:15 | Farm |
| 13:16 | Scout Tower |
| 13:27 | Scout Tower |
| 13:27 | Scout Tower |
| 13:28 | Scout Tower |
| 13:29 | Scout Tower |
| 13:37 | Farm |
| 13:50 | Advanced Masonry |
| 14:10 | Guard Tower |
| 14:13 | Town Hall |
| 14:27 | Orb of Venom |
| 14:34 | Staff of Preservation |
| 14:53 | Blizzard |
| 15:20 | Guard Tower |
| 15:22 | Guard Tower |
| 15:41 | Scout Tower |
| 15:42 | Scout Tower |
| 15:49 | Scout Tower |
| 15:50 | Scout Tower |
| 15:57 | Imbued Masonry |
| 16:19 | Staff of Sanctuary |
| 16:23 | Guard Tower |
| 16:50 | Peasant |
| 16:50 | Peasant |
| 16:50 | Peasant |
| 16:54 | Scout Tower |
| 16:55 | Scout Tower |
| 16:59 | Staff of Preservation |
| 17:07 | Orb of Venom |
| 17:18 | Staff of Sanctuary |
| 17:18 | Potion of Mana |
| 17:21 | Guard Tower |
| 17:21 | Guard Tower |
| 17:24 | Scout Tower |
| 17:24 | Scout Tower |
| 17:25 | Scout Tower |
| 17:25 | Scout Tower |
| 17:26 | Guard Tower |
| 18:00 | Guard Tower |
| 18:06 | Sorceress Adept Training |
| 18:34 | Guard Tower |
| 18:53 | Scout Tower |
| 19:13 | Scout Tower |
| 19:14 | Scout Tower |
| 19:15 | Scout Tower |
| 19:15 | Scout Tower |
| 19:15 | Scout Tower |
| 19:16 | Scout Tower |
| 19:16 | Scout Tower |
| 19:17 | Scout Tower |
| 19:18 | Scout Tower |
| 19:18 | Scout Tower |
| 19:19 | Scout Tower |
| 19:19 | Scout Tower |
| 19:20 | Scout Tower |
| 19:49 | Guard Tower |
| 19:51 | Scout Tower |
| 19:51 | Scout Tower |
| 19:54 | Orb of Venom |
| 19:54 | Staff of Preservation |
| 20:26 | Guard Tower |
| 20:27 | Guard Tower |
| 20:28 | Guard Tower |
| 20:30 | Dragonhawk Rider |
| 20:34 | Scout Tower |
| 20:35 | Scout Tower |
| 20:36 | Scout Tower |
| 20:37 | Scout Tower |
| 20:46 | Scout Tower |
| 20:47 | Scout Tower |
| 20:48 | Scout Tower |
| 20:49 | Scout Tower |
| 20:50 | Scout Tower |
| 20:53 | Scout Tower |
| 20:54 | Scout Tower |
| 20:54 | Scout Tower |
| 20:55 | Scout Tower |
| 20:56 | Scout Tower |
| 20:56 | Scout Tower |
| 20:57 | Scout Tower |
| 20:58 | Guard Tower |
| 21:06 | Scout Tower |
| 21:07 | Scout Tower |
| 21:07 | Scout Tower |
| 21:08 | Scout Tower |
| 21:14 | Dragonhawk Rider |
| 21:16 | Blacksmith |
| 21:21 | Town Hall |
| 21:27 | Guard Tower |
| 21:35 | Guard Tower |
| 21:35 | Guard Tower |
| 21:38 | Guard Tower |
| 22:09 | Guard Tower |
| 22:11 | Guard Tower |
| 22:46 | Guard Tower |
| 23:06 | Studded Leather Armor |
| 23:06 | Iron Forged Swords |
| 23:08 | Barracks |
| 23:13 | Guard Tower |
| 23:13 | Guard Tower |
| 23:15 | Scout Tower |
| 23:16 | Scout Tower |
| 23:16 | Scout Tower |
| 23:16 | Scout Tower |
| 23:48 | Arcane Tower |
| 23:51 | Arcane Tower |
| 23:51 | Guard Tower |
| 23:52 | Arcane Tower |
| 23:53 | Guard Tower |
| 24:19 | Arcane Tower |
| 24:19 | Guard Tower |
| 24:20 | Guard Tower |
| 24:20 | Guard Tower |
| 24:20 | Guard Tower |
| 24:23 | Scout Tower |
| 24:23 | Scout Tower |
| 24:24 | Scout Tower |
| 24:25 | Scout Tower |
| 24:30 | Scout Tower |
| 24:30 | Scout Tower |
| 24:30 | Scout Tower |
| 24:31 | Scout Tower |
| 24:32 | Scout Tower |
| 24:32 | Scout Tower |
| 24:33 | Scout Tower |
| 24:33 | Scout Tower |
| 25:12 | Arcane Tower |
| 25:14 | Arcane Tower |
| 25:52 | Guard Tower |
| 25:52 | Guard Tower |
| 25:58 | Animal War Training |
| 26:19 | Dragonhawk Rider |
| 26:26 | Guard Tower |
| 26:26 | Guard Tower |
| 26:34 | Scout Tower |
| 26:35 | Scout Tower |
| 26:35 | Scout Tower |
| 26:36 | Scout Tower |
| 26:54 | Guard Tower |
| 27:41 | Divine Shield |
| 28:28 | Storm Bolt |
| 29:39 | Guard Tower |
| 29:40 | Guard Tower |
| 29:42 | Guard Tower |
| 29:43 | Scout Tower |
| 29:44 | Scout Tower |
| 29:56 | Guard Tower |
| 29:57 | Guard Tower |
| 30:13 | Guard Tower |
| 30:13 | Guard Tower |
| 30:15 | Scout Tower |
| 30:15 | Scout Tower |
| 30:16 | Scout Tower |
| 30:16 | Scout Tower |
| 30:16 | Scout Tower |
| 30:17 | Scout Tower |
| 30:39 | Scout Tower |
| 30:39 | Scout Tower |
| 30:39 | Scout Tower |
| 30:40 | Scout Tower |
| 30:41 | Scout Tower |
| 30:42 | Scout Tower |
| 30:42 | Scout Tower |
| 30:42 | Scout Tower |
| 30:59 | Potion of Mana |
| 31:00 | Potion of Mana |
| 31:00 | Potion of Healing |
| 31:05 | Guard Tower |
| 31:18 | Guard Tower |
| 31:28 | Scout Tower |
| 31:35 | Guard Tower |
| 32:14 | Holy Light |
| 32:48 | Brilliance Aura |
| 32:55 | Dragonhawk Rider |
| 32:55 | Dragonhawk Rider |
| 32:55 | Dragonhawk Rider |
| 33:05 | Guard Tower |
| 33:11 | Scout Tower |
| 33:12 | Scout Tower |
| 33:12 | Scout Tower |
| 33:13 | Scout Tower |
| 33:13 | Scout Tower |
| 33:14 | Scout Tower |
| 33:14 | Scout Tower |
| 33:14 | Scout Tower |
| 33:15 | Scout Tower |
| 33:57 | Bash |
| 34:10 | Reinforced Leather Armor |
| 34:11 | Steel Forged Swords |
| 34:58 | Guard Tower |
| 35:00 | Scout Tower |
| 35:00 | Scout Tower |
| 35:01 | Scout Tower |
| 35:01 | Scout Tower |
| 35:01 | Scout Tower |
| 35:11 | Cloud |
| 37:02 | Dragonhawk Rider |
| 37:06 | Mithril Forged Swords |
| 37:06 | Dragonhide Armor |
| 38:25 | Guard Tower |
| 39:36 | Divine Shield |
| 41:21 | Workshop |
| 41:22 | Workshop |
| 41:22 | Workshop |
| 41:23 | Workshop |
| 41:24 | Workshop |
| 41:24 | Workshop |
| 41:29 | Farm |
| 41:29 | Farm |
| 41:30 | Farm |
| 41:30 | Farm |
| 41:30 | Farm |
| 41:31 | Farm |
| 41:31 | Farm |
| 41:31 | Farm |
| 41:36 | Black Gunpowder |
| 42:11 | Farm |
| 42:12 | Farm |
| 42:29 | Siege Engine |
| 42:29 | Siege Engine |
| 42:37 | Refined Gunpowder |
| 42:38 | Siege Engine |
| 42:40 | Town Hall |
| 42:43 | Siege Engine |
| 42:48 | Siege Engine |
| 42:50 | Siege Engine |
| 42:55 | Siege Engine |
| 43:09 | Siege Engine |
| 44:08 | Blizzard |
| Right click | 4072 |
| Select | 1288 |
| Select group | 864 |
| Build/train/purchase | 323 |
| Chat | 207 |
| Use ability | 176 |
| Misc. action | 58 |
| Assign group | 23 |
| Minimap ping | 16 |
| Item give/drop | 3 |
| Remove unit | 1 |



| Scroll of Regeneration | 5 | 500 |
| Staff of Sanctuary | 4 | 1000 |
| Lesser Clarity Potion | 1 | 70 |
| Orb of Venom | 3 | 975 |
| total: | 13 | 2545g |
| Peasant | 23 | 1725 | / | 0 |
| Priest | 2 | 270 | / | 20 |
| Dragonhawk Rider | 7 | 1400 | / | 210 |
| total: | 32 | 3395g | / | 230w |
| Scout Tower | 111 | 3330 | / | 2220 |
| Arcane Tower | 6 | 420 | / | 300 |
| Guard Tower | 51 | 3570 | / | 2550 |
| Altar of Kings | 1 | 180 | / | 50 |
| Lumber Mill | 1 | 120 | / | 0 |
| Farm | 5 | 400 | / | 100 |
| Arcane Vault | 4 | 520 | / | 120 |
| Town Hall | 2 | 770 | / | 410 |
| Blacksmith | 1 | 140 | / | 60 |
| Barracks | 1 | 160 | / | 60 |
| Arcane Sanctum | 1 | 150 | / | 140 |
| Gryphon Aviary | 1 | 140 | / | 150 |
| Keep | 1 | 320 | / | 210 |
| Castle | 1 | 360 | / | 210 |
| total: | 128 | 5910g | / | 3310w |
| 0:01 | Peasant |
| 0:03 | Altar of Kings |
| 0:07 | Peasant |
| 0:18 | Lumber Mill |
| 0:25 | Peasant |
| 0:33 | Farm |
| 0:34 | Peasant |
| 0:48 | Peasant |
| 0:57 | Peasant |
| 1:01 | Farm |
| 1:11 | Peasant |
| 1:15 | Scout Tower |
| 1:18 | Scout Tower |
| 1:19 | Peasant |
| 1:28 | Peasant |
| 1:35 | Improved Masonry |
| 1:51 | Arcane Tower |
| 1:54 | Arcane Tower |
| 1:56 | Peasant |
| 2:05 | Storm Bolt |
| 2:11 | Peasant |
| 2:24 | Peasant |
| 2:29 | Scout Tower |
| 2:42 | Peasant |
| 2:54 | Bash |
| 2:59 | Scout Tower |
| 3:08 | Peasant |
| 3:13 | Guard Tower |
| 3:15 | Scout Tower |
| 3:16 | Scout Tower |
| 3:20 | Scout Tower |
| 3:21 | Scout Tower |
| 3:21 | Scout Tower |
| 3:24 | Scout Tower |
| 3:34 | Keep |
| 3:51 | Scout Tower |
| 3:54 | Guard Tower |
| 3:56 | Guard Tower |
| 4:18 | Guard Tower |
| 4:42 | Scout Tower |
| 4:43 | Scout Tower |
| 4:43 | Guard Tower |
| 4:46 | Scout Tower |
| 4:52 | Guard Tower |
| 4:53 | Scout Tower |
| 4:54 | Scout Tower |
| 4:54 | Scout Tower |
| 5:02 | Arcane Tower |
| 5:11 | Scout Tower |
| 5:20 | Guard Tower |
| 5:22 | Scout Tower |
| 5:23 | Scout Tower |
| 5:32 | Guard Tower |
| 5:45 | Guard Tower |
| 5:49 | Arcane Vault |
| 5:50 | Arcane Vault |
| 5:52 | Guard Tower |
| 5:56 | Farm |
| 6:00 | Advanced Masonry |
| 6:00 | Improved Lumber Harvesting |
| 6:15 | Guard Tower |
| 6:15 | Guard Tower |
| 6:18 | Scout Tower |
| 6:20 | Guard Tower |
| 6:21 | Scout Tower |
| 7:09 | Guard Tower |
| 7:10 | Scout Tower |
| 7:20 | Scout Tower |
| 7:21 | Storm Bolt |
| 7:32 | Castle |
| 7:44 | Guard Tower |
| 7:46 | Scout Tower |
| 7:47 | Holy Light |
| 7:54 | Guard Tower |
| 7:55 | Scout Tower |
| 8:07 | Scout Tower |
| 8:07 | Scout Tower |
| 8:11 | Arcane Sanctum |
| 8:30 | Guard Tower |
| 8:34 | Scout Tower |
| 8:35 | Scout Tower |
| 8:43 | Guard Tower |
| 9:20 | Guard Tower |
| 9:22 | Scout Tower |
| 9:25 | Scout Tower |
| 9:43 | Guard Tower |
| 9:46 | Scout Tower |
| 9:46 | Scout Tower |
| 9:54 | Arcane Vault |
| 10:15 | Town Hall |
| 10:18 | Guard Tower |
| 10:22 | Scout Tower |
| 10:23 | Scout Tower |
| 10:52 | Scroll of Regeneration |
| 10:58 | Guard Tower |
| 11:01 | Scout Tower |
| 11:01 | Scout Tower |
| 11:02 | Scout Tower |
| 11:03 | Scout Tower |
| 11:04 | Scout Tower |
| 11:06 | Magic Sentry |
| 11:06 | Priest Adept Training |
| 11:07 | Priest |
| 11:09 | Farm |
| 11:10 | Imbued Masonry |
| 11:11 | Advanced Lumber Harvesting |
| 11:15 | Guard Tower |
| 11:18 | Scout Tower |
| 11:55 | Guard Tower |
| 11:56 | Scout Tower |
| 11:59 | Arcane Tower |
| 12:25 | Guard Tower |
| 12:27 | Scout Tower |
| 12:35 | Peasant |
| 12:35 | Peasant |
| 12:35 | Peasant |
| 12:42 | Peasant |
| 12:42 | Peasant |
| 13:13 | Guard Tower |
| 13:17 | Guard Tower |
| 13:19 | Scout Tower |
| 13:32 | Scout Tower |
| 13:33 | Scout Tower |
| 13:36 | Banish |
| 13:42 | Arcane Vault |
| 13:46 | Scroll of Regeneration |
| 13:49 | Staff of Sanctuary |
| 13:52 | Guard Tower |
| 13:53 | Scout Tower |
| 13:53 | Scout Tower |
| 13:59 | Gryphon Aviary |
| 14:09 | Staff of Sanctuary |
| 14:36 | Guard Tower |
| 14:40 | Orb of Venom |
| 15:05 | Divine Shield |
| 15:49 | Guard Tower |
| 15:50 | Scout Tower |
| 15:55 | Blacksmith |
| 15:57 | Barracks |
| 16:03 | Staff of Sanctuary |
| 16:16 | Guard Tower |
| 16:17 | Scout Tower |
| 16:19 | Staff of Sanctuary |
| 16:24 | Orb of Venom |
| 16:50 | Guard Tower |
| 16:51 | Scout Tower |
| 16:53 | Guard Tower |
| 16:55 | Scout Tower |
| 16:55 | Scout Tower |
| 16:56 | Scout Tower |
| 16:56 | Scout Tower |
| 17:15 | Scroll of Regeneration |
| 17:24 | Guard Tower |
| 17:26 | Scout Tower |
| 17:28 | Scout Tower |
| 17:31 | Bash |
| 17:44 | Orb of Venom |
| 18:06 | Iron Forged Swords |
| 18:06 | Studded Leather Armor |
| 18:08 | Cloud |
| 18:11 | Scout Tower |
| 18:11 | Scout Tower |
| 18:12 | Scout Tower |
| 18:12 | Scout Tower |
| 18:16 | Scout Tower |
| 18:16 | Scout Tower |
| 18:18 | Guard Tower |
| 18:21 | Scout Tower |
| 18:21 | Scout Tower |
| 18:55 | Scroll of Regeneration |
| 19:01 | Guard Tower |
| 19:03 | Guard Tower |
| 19:08 | Scout Tower |
| 19:09 | Scout Tower |
| 19:10 | Guard Tower |
| 19:28 | Guard Tower |
| 19:29 | Scout Tower |
| 19:30 | Scout Tower |
| 19:31 | Scout Tower |
| 19:32 | Scout Tower |
| 19:42 | Scout Tower |
| 19:44 | Scout Tower |
| 19:44 | Scout Tower |
| 20:08 | Siphon Mana |
| 20:11 | Priest |
| 20:13 | Guard Tower |
| 20:16 | Scout Tower |
| 20:18 | Steel Forged Swords |
| 20:18 | Reinforced Leather Armor |
| 20:20 | Dragonhawk Rider |
| 20:20 | Dragonhawk Rider |
| 20:22 | Guard Tower |
| 20:53 | Peasant |
| 20:53 | Peasant |
| 21:13 | Guard Tower |
| 22:04 | Guard Tower |
| 22:06 | Scout Tower |
| 22:07 | Scout Tower |
| 22:08 | Scout Tower |
| 22:08 | Scout Tower |
| 22:09 | Scout Tower |
| 22:09 | Scout Tower |
| 22:22 | Scout Tower |
| 22:23 | Scout Tower |
| 22:23 | Scout Tower |
| 22:23 | Scout Tower |
| 22:24 | Scout Tower |
| 22:24 | Scout Tower |
| 22:26 | Guard Tower |
| 22:52 | Scout Tower |
| 22:53 | Scout Tower |
| 22:54 | Scout Tower |
| 22:55 | Scout Tower |
| 22:55 | Scout Tower |
| 22:57 | Scout Tower |
| 22:57 | Scout Tower |
| 23:07 | Farm |
| 23:08 | Mithril Forged Swords |
| 23:08 | Dragonhide Armor |
| 23:10 | Animal War Training |
| 23:20 | Guard Tower |
| 23:23 | Guard Tower |
| 24:10 | Holy Light |
| 24:51 | Peasant |
| 24:52 | Peasant |
| 25:32 | Scroll of Regeneration |
| 25:34 | Lesser Clarity Potion |
| 25:39 | Town Hall |
| 25:43 | Guard Tower |
| 25:44 | Scout Tower |
| 25:45 | Scout Tower |
| 25:45 | Scout Tower |
| 26:16 | Scout Tower |
| 26:17 | Scout Tower |
| 26:17 | Scout Tower |
| 26:18 | Scout Tower |
| 26:29 | Dragonhawk Rider |
| 26:29 | Dragonhawk Rider |
| 26:29 | Dragonhawk Rider |
| 26:41 | Guard Tower |
| 27:07 | Scout Tower |
| 27:08 | Scout Tower |
| 27:10 | Guard Tower |
| 27:52 | Siphon Mana |
| 28:24 | Guard Tower |
| 29:19 | Storm Bolt |
| 29:41 | Scout Tower |
| 29:42 | Scout Tower |
| 29:42 | Scout Tower |
| 29:43 | Scout Tower |
| 29:43 | Scout Tower |
| 29:44 | Scout Tower |
| 29:44 | Scout Tower |
| 29:50 | Divine Shield |
| 31:16 | Guard Tower |
| 33:49 | Banish |
| 35:54 | Holy Light |
| 36:28 | Avatar |
| 37:15 | Dragonhawk Rider |
| 37:15 | Dragonhawk Rider |
| 38:52 | Siphon Mana |
| 43:11 | Resurrection |
| Right click | 3024 |
| Select group | 2010 |
| Select | 709 |
| Assign group | 443 |
| Use ability | 187 |
| Build/train/purchase | 186 |
| Chat | 106 |
| Misc. action | 37 |
| Resource trade | 29 |
| Item give/drop | 7 |
| Minimap ping | 3 |
179 units @ 29.5k
/ 5.8k
84 buildings @ 11.9k
/ 5.4k



| Rod of Necromancy | 2 | 300 |
| Potion of Mana | 3 | 600 |
| Orb of Corruption | 1 | 375 |
| Potion of Healing | 1 | 150 |
| Scroll of Town Portal | 3 | 1050 |
| Scroll of Healing | 3 | 750 |
| total: | 13 | 3225g |
| Acolyte | 22 | 1650 | / | 0 |
| Ghoul | 4 | 480 | / | 0 |
| Crypt Fiend | 11 | 2365 | / | 440 |
| Necromancer | 15 | 2175 | / | 300 |
| Meat Wagon | 7 | 1610 | / | 350 |
| Abomination | 2 | 480 | / | 140 |
| total: | 61 | 8760g | / | 1230w |
| Nerubian Tower | 1 | 100 | / | 20 |
| Spirit Tower | 4 | 580 | / | 160 |
| Necropolis | 3 | 675 | / | 0 |
| Crypt | 1 | 200 | / | 50 |
| Altar of Darkness | 1 | 180 | / | 50 |
| Ziggurat | 11 | 1650 | / | 550 |
| Graveyard | 1 | 215 | / | 0 |
| Tomb of Relics | 1 | 130 | / | 30 |
| Temple of the Damned | 2 | 310 | / | 280 |
| Slaughterhouse | 3 | 420 | / | 405 |
| Sacrificial Pit | 1 | 75 | / | 150 |
| Halls of the Dead | 1 | 320 | / | 210 |
| Black Citadel | 1 | 325 | / | 230 |
| total: | 24 | 3855g | / | 1515w |
| 0:03 | Acolyte |
| 0:07 | Necropolis |
| 0:10 | Crypt |
| 0:19 | Acolyte |
| 0:33 | Acolyte |
| 0:50 | Altar of Darkness |
| 1:17 | Ghoul |
| 1:34 | Ghoul |
| 2:03 | Halls of the Dead |
| 2:08 | Ghoul |
| 2:21 | Cleaving Attack |
| 2:35 | Ziggurat |
| 2:39 | Graveyard |
| 2:49 | Ziggurat |
| 3:05 | Ghoul |
| 3:09 | Tomb of Relics |
| 4:06 | Crypt Fiend |
| 4:17 | Rod of Necromancy |
| 4:49 | Rain of Fire |
| 4:51 | Crypt Fiend |
| 5:08 | Temple of the Damned |
| 5:30 | Scroll of Town Portal |
| 5:34 | Death Coil |
| 5:36 | Acolyte |
| 6:02 | Acolyte |
| 6:16 | Rain of Fire |
| 6:25 | Necropolis |
| 6:32 | Necromancer Adept Training |
| 6:51 | Unholy Aura |
| 6:53 | Acolyte |
| 6:54 | Acolyte |
| 7:03 | Acolyte |
| 7:06 | Necromancer |
| 7:41 | Necromancer |
| 7:59 | Black Citadel |
| 8:01 | Rod of Necromancy |
| 8:22 | Crypt Fiend |
| 9:06 | Ziggurat |
| 9:11 | Slaughterhouse |
| 9:12 | Slaughterhouse |
| 9:34 | Crypt Fiend |
| 9:34 | Web |
| 9:57 | Crypt Fiend |
| 10:13 | Ziggurat |
| 10:14 | Ziggurat |
| 10:25 | Death Coil |
| 10:59 | Crypt Fiend |
| 11:02 | Meat Wagon |
| 11:02 | Exhume Corpses |
| 11:58 | Necromancer |
| 12:27 | Meat Wagon |
| 12:42 | Meat Wagon |
| 12:44 | Crypt Fiend |
| 12:44 | Crypt Fiend |
| 13:33 | Crypt Fiend |
| 13:35 | Necromancer |
| 13:35 | Necromancer Master Training |
| 13:36 | Skeletal Mastery |
| 13:45 | Cleaving Attack |
| 13:47 | Potion of Mana |
| 13:47 | Scroll of Healing |
| 13:48 | Orb of Corruption |
| 15:26 | Necromancer |
| 15:26 | Necromancer |
| 15:58 | Acolyte |
| 16:01 | Impale |
| 16:10 | Acolyte |
| 16:39 | Abomination |
| 16:39 | Meat Wagon |
| 17:01 | Spiked Carapace |
| 17:12 | Impale |
| 17:38 | Slaughterhouse |
| 17:41 | Scroll of Town Portal |
| 17:53 | Meat Wagon |
| 17:58 | Temple of the Damned |
| 18:30 | Spiked Carapace |
| 19:01 | Unholy Strength |
| 19:02 | Unholy Armor |
| 19:07 | Necromancer |
| 19:09 | Ziggurat |
| 19:09 | Ziggurat |
| 19:29 | Acolyte |
| 19:29 | Acolyte |
| 19:30 | Acolyte |
| 19:32 | Necropolis |
| 20:06 | Sacrificial Pit |
| 21:45 | Necromancer |
| 21:45 | Necromancer |
| 21:46 | Crypt Fiend |
| 21:46 | Crypt Fiend |
| 22:01 | Acolyte |
| 22:24 | Scroll of Town Portal |
| 22:29 | Potion of Mana |
| 22:34 | Potion of Mana |
| 22:37 | Scroll of Healing |
| 22:44 | Necromancer |
| 22:56 | Disease Cloud |
| 22:58 | Improved Unholy Strength |
| 22:58 | Improved Unholy Armor |
| 23:03 | Ziggurat |
| 23:03 | Ziggurat |
| 23:04 | Ziggurat |
| 23:05 | Ziggurat |
| 23:06 | Acolyte |
| 25:53 | Meat Wagon |
| 25:54 | Necromancer |
| 25:55 | Necromancer |
| 26:24 | Death Pact |
| 26:28 | Abomination |
| 26:33 | Scroll of Healing |
| 26:51 | Nerubian Tower |
| 26:52 | Spirit Tower |
| 26:53 | Spirit Tower |
| 26:55 | Spirit Tower |
| 28:42 | Meat Wagon |
| 28:44 | Necromancer |
| 28:44 | Necromancer |
| 28:44 | Necromancer |
| 28:49 | Spirit Tower |
| 31:00 | Acolyte |
| 31:00 | Acolyte |
| 31:00 | Acolyte |
| 31:00 | Acolyte |
| 31:03 | Acolyte |
| 31:04 | Acolyte |
| 31:04 | Acolyte |
| 32:08 | Potion of Healing |
| Right click | 1478 |
| Select group | 1151 |
| Select | 741 |
| Build/train/purchase | 191 |
| Misc. action | 184 |
| Assign group | 105 |
| Use ability | 77 |
| Chat | 55 |
| Esc | 14 |
| Minimap ping | 10 |
| Item give/drop | 2 |

| Scroll of Town Portal | 1 | 350 |
| total: | 1 | 350g |
| Acolyte | 11 | 825 | / | 0 |
| Ghoul | 4 | 480 | / | 0 |
| Crypt Fiend | 13 | 2795 | / | 520 |
| Obsidian Statue | 3 | 600 | / | 105 |
| Meat Wagon | 2 | 460 | / | 100 |
| Frost Wyrm | 11 | 4235 | / | 1320 |
| total: | 44 | 9395g | / | 2045w |
| Spirit Tower | 8 | 1160 | / | 320 |
| Nerubian Tower | 2 | 200 | / | 40 |
| Ziggurat | 11 | 1650 | / | 550 |
| Altar of Darkness | 2 | 360 | / | 100 |
| Crypt | 2 | 400 | / | 100 |
| Graveyard | 1 | 215 | / | 0 |
| Tomb of Relics | 1 | 130 | / | 30 |
| Necropolis | 1 | 225 | / | 0 |
| Slaughterhouse | 1 | 140 | / | 135 |
| Sacrificial Pit | 1 | 75 | / | 150 |
| Boneyard | 3 | 525 | / | 600 |
| Halls of the Dead | 2 | 640 | / | 420 |
| Black Citadel | 1 | 325 | / | 230 |
| total: | 23 | 3720g | / | 1665w |
| 0:09 | Acolyte |
| 0:09 | Acolyte |
| 0:12 | Ziggurat |
| 0:21 | Altar of Darkness |
| 0:38 | Crypt |
| 1:05 | Graveyard |
| 1:21 | Crypt |
| 1:44 | Ziggurat |
| 1:46 | Ghoul |
| 1:57 | Ziggurat |
| 2:11 | Ghoul |
| 2:20 | Ghoul |
| 2:29 | Death Coil |
| 2:39 | Ghoul |
| 2:52 | Crypt Fiend |
| 3:15 | Crypt Fiend |
| 3:30 | Crypt Fiend |
| 3:50 | Ziggurat |
| 4:44 | Halls of the Dead |
| 4:47 | Crypt Fiend |
| 4:55 | Creature Carapace |
| 5:21 | Creature Attack |
| 5:35 | Ziggurat |
| 5:53 | Crypt Fiend |
| 6:10 | Tomb of Relics |
| 6:24 | Crypt Fiend |
| 6:57 | Crypt Fiend |
| 7:23 | Unholy Aura |
| 7:32 | Improved Creature Attack |
| 7:33 | Improved Creature Carapace |
| 7:46 | Slaughterhouse |
| 7:48 | Acolyte |
| 8:15 | Scroll of Town Portal |
| 9:10 | Obsidian Statue |
| 9:17 | Unholy Aura |
| 9:32 | Burrow |
| 9:34 | Obsidian Statue |
| 9:53 | Web |
| 10:22 | Crypt Fiend |
| 10:32 | Ziggurat |
| 11:01 | Exhume Corpses |
| 11:06 | Meat Wagon |
| 11:16 | Crypt Fiend |
| 11:21 | Ziggurat |
| 11:24 | Ziggurat |
| 12:07 | Crypt Fiend |
| 12:46 | Acolyte |
| 13:35 | Acolyte |
| 13:35 | Acolyte |
| 13:46 | Meat Wagon |
| 13:48 | Crypt Fiend |
| 14:32 | Crypt Fiend |
| 15:02 | Crypt Fiend |
| 15:42 | Ziggurat |
| 15:44 | Ziggurat |
| 15:46 | Ziggurat |
| 16:16 | Black Citadel |
| 16:21 | Sacrificial Pit |
| 16:38 | Death Coil |
| 17:05 | Necropolis |
| 17:58 | Spirit Tower |
| 18:00 | Nerubian Tower |
| 18:02 | Spirit Tower |
| 18:04 | Spirit Tower |
| 18:08 | Nerubian Tower |
| 18:10 | Spirit Tower |
| 18:11 | Spirit Tower |
| 18:13 | Spirit Tower |
| 18:15 | Spirit Tower |
| 19:00 | Boneyard |
| 19:04 | Boneyard |
| 19:07 | Boneyard |
| 20:07 | Advanced Creature Attack |
| 20:07 | Advanced Creature Carapace |
| 20:30 | Freezing Breath |
| 20:33 | Frost Wyrm |
| 20:46 | Frost Wyrm |
| 21:16 | Frost Wyrm |
| 21:48 | Frost Wyrm |
| 22:52 | Acolyte |
| 22:52 | Acolyte |
| 22:52 | Acolyte |
| 22:53 | Acolyte |
| 22:53 | Acolyte |
| 24:38 | Frost Wyrm |
| 25:30 | Frost Wyrm |
| 26:08 | Halls of the Dead |
| 26:59 | Frost Wyrm |
| 27:03 | Spirit Tower |
| 28:12 | Frost Wyrm |
| 28:31 | Obsidian Statue |
| 29:27 | Altar of Darkness |
| 30:18 | Frost Wyrm |
| 31:25 | Frost Wyrm |
| 33:27 | Frost Wyrm |
| Select group | 914 |
| Right click | 503 |
| Select | 469 |
| Build/train/purchase | 89 |
| Assign group | 77 |
| Use ability | 12 |
| Esc | 2 |
| Minimap ping | 1 |



| Lesser Clarity Potion | 2 | 140 |
| Scroll of Regeneration | 4 | 400 |
| Orb of Fire | 1 | 325 |
| total: | 7 | 865g |
| Peasant | 30 | 2250 | / | 0 |
| Footman | 6 | 810 | / | 0 |
| Mortar Team | 20 | 3600 | / | 1400 |
| Spell Breaker | 1 | 215 | / | 30 |
| Dragonhawk Rider | 8 | 1600 | / | 240 |
| Siege Engine | 3 | 585 | / | 180 |
| Frost Wyrm | 6 | 2310 | / | 720 |
| total: | 74 | 11370g | / | 2570w |
| Scout Tower | 8 | 240 | / | 160 |
| Arcane Tower | 1 | 70 | / | 50 |
| Guard Tower | 3 | 210 | / | 150 |
| Altar of Kings | 1 | 180 | / | 50 |
| Farm | 13 | 1040 | / | 260 |
| Barracks | 3 | 480 | / | 180 |
| Arcane Vault | 1 | 130 | / | 30 |
| Lumber Mill | 1 | 120 | / | 0 |
| Blacksmith | 1 | 140 | / | 60 |
| Town Hall | 3 | 1155 | / | 615 |
| Workshop | 2 | 280 | / | 280 |
| Arcane Sanctum | 2 | 300 | / | 280 |
| Gryphon Aviary | 2 | 280 | / | 300 |
| Keep | 1 | 320 | / | 210 |
| Castle | 1 | 360 | / | 210 |
| total: | 37 | 4345g | / | 2215w |
| 0:02 | Peasant |
| 0:07 | Altar of Kings |
| 0:10 | Farm |
| 0:12 | Peasant |
| 0:25 | Peasant |
| 0:30 | Barracks |
| 0:37 | Peasant |
| 0:49 | Farm |
| 0:50 | Farm |
| 0:57 | Peasant |
| 1:15 | Peasant |
| 1:23 | Scout Tower |
| 1:47 | Peasant |
| 1:50 | Footman |
| 1:53 | Arcane Tower |
| 2:12 | Footman |
| 2:17 | Arcane Vault |
| 2:29 | Footman |
| 2:43 | Footman |
| 2:50 | Peasant |
| 3:06 | Footman |
| 3:12 | Peasant |
| 3:24 | Thunder Clap |
| 3:34 | Peasant |
| 4:08 | Footman |
| 4:10 | Keep |
| 4:19 | Lesser Clarity Potion |
| 4:20 | Scroll of Regeneration |
| 4:31 | Scroll of Regeneration |
| 4:36 | Lesser Clarity Potion |
| 5:02 | Farm |
| 5:02 | Farm |
| 5:03 | Farm |
| 5:13 | Lumber Mill |
| 5:32 | Storm Bolt |
| 5:49 | Blacksmith |
| 6:58 | Storm Bolt |
| 7:07 | Workshop |
| 7:08 | Workshop |
| 7:14 | Arcane Sanctum |
| 7:52 | Holy Light |
| 8:08 | Arcane Sanctum |
| 8:17 | Barracks |
| 8:27 | Barracks |
| 8:29 | Farm |
| 8:30 | Farm |
| 8:30 | Farm |
| 8:31 | Farm |
| 8:35 | Improved Lumber Harvesting |
| 8:36 | Peasant |
| 8:37 | Peasant |
| 8:53 | Town Hall |
| 9:17 | Peasant |
| 9:17 | Peasant |
| 9:26 | Mortar Team |
| 9:31 | Black Gunpowder |
| 10:18 | Divine Shield |
| 11:05 | Castle |
| 11:10 | Peasant |
| 11:10 | Peasant |
| 11:15 | Refined Gunpowder |
| 11:16 | Studded Leather Armor |
| 11:18 | Mortar Team |
| 11:22 | Spell Breaker |
| 11:26 | Control Magic |
| 12:26 | Mortar Team |
| 12:45 | Mortar Team |
| 12:50 | Farm |
| 12:50 | Farm |
| 12:51 | Farm |
| 13:35 | Fragmentation Shards |
| 13:36 | Imbued Gunpowder |
| 13:40 | Reinforced Leather Armor |
| 13:42 | Mortar Team |
| 13:48 | Advanced Lumber Harvesting |
| 13:51 | Peasant |
| 13:52 | Peasant |
| 13:52 | Peasant |
| 13:52 | Peasant |
| 13:52 | Peasant |
| 13:56 | Peasant |
| 14:04 | Peasant |
| 14:07 | Peasant |
| 14:34 | Town Hall |
| 16:22 | Mortar Team |
| 16:23 | Mortar Team |
| 17:05 | Gryphon Aviary |
| 17:06 | Gryphon Aviary |
| 17:31 | Scroll of Regeneration |
| 17:36 | Scroll of Regeneration |
| 17:36 | Orb of Fire |
| 17:40 | Dragonhide Armor |
| 18:48 | Peasant |
| 18:48 | Peasant |
| 18:48 | Peasant |
| 18:48 | Peasant |
| 18:49 | Peasant |
| 19:11 | Cloud |
| 19:12 | Dragonhawk Rider |
| 19:12 | Dragonhawk Rider |
| 19:12 | Dragonhawk Rider |
| 19:43 | Mortar Team |
| 19:45 | Mortar Team |
| 20:38 | Scout Tower |
| 20:39 | Scout Tower |
| 20:40 | Scout Tower |
| 20:40 | Scout Tower |
| 20:40 | Scout Tower |
| 20:41 | Scout Tower |
| 20:42 | Scout Tower |
| 21:12 | Guard Tower |
| 21:15 | Guard Tower |
| 23:14 | Barrage |
| 23:14 | Siege Engine |
| 23:15 | Siege Engine |
| 23:16 | Siege Engine |
| 23:19 | Guard Tower |
| 23:29 | Mortar Team |
| 24:16 | Iron Plating |
| 24:35 | Dragonhawk Rider |
| 24:35 | Dragonhawk Rider |
| 24:35 | Dragonhawk Rider |
| 24:36 | Dragonhawk Rider |
| 24:37 | Dragonhawk Rider |
| 25:16 | Steel Plating |
| 29:07 | Mortar Team |
| 29:08 | Mortar Team |
| 29:08 | Mortar Team |
| 31:16 | Bash |
| 33:24 | Flame Strike |
| 33:32 | Mortar Team |
| 33:32 | Mortar Team |
| 33:32 | Mortar Team |
| 33:33 | Mortar Team |
| 33:33 | Mortar Team |
| 33:33 | Mortar Team |
| 36:01 | Mortar Team |
| 37:09 | Frost Wyrm |
| 37:10 | Frost Wyrm |
| 37:26 | Frost Wyrm |
| 37:26 | Frost Wyrm |
| 37:59 | Frost Wyrm |
| 38:51 | Frost Wyrm |
| 38:59 | Peasant |
| 39:22 | Town Hall |
| Right click | 759 |
| Select | 553 |
| Select group | 238 |
| Build/train/purchase | 127 |
| Chat | 117 |
| Use ability | 37 |
| Assign group | 31 |
| Resource trade | 31 |
| Esc | 5 |
| Minimap ping | 3 |
| Item give/drop | 1 |
⇛